 Dungeon Crawl Stone Soup version 0.31.0-12-g77e489cdc1 (webtiles) character file.

Game seed: 10000109781426410142

1361 Peloso the Slasher (level 8, 0/70 HPs)
             Began as a Minotaur Fighter on Feb 13, 2024.
             Slain by an iguana (9 damage)
             ... on level 5 of the Dungeon.
             The game lasted 00:16:49 (4644 turns).

Peloso the Slasher (Minotaur Fighter)               Turns: 4644, Time: 00:16:50

Health: 0/70       AC: 17    Str: 21    XL:     8   Next: 37%
Magic:  7/7        EV:  9    Int:  5    God:
Gold:   226        SH:  9    Dex: 12    Spells: 7/7 levels left

rFire   . . .        a - +0 long sword
rCold   . . .        d - +0 kite shield
rNeg    . . .        c - +4 scale mail
rPois   .            (helmet restricted)
rElec   .            (no cloak)
rCorr   .            o - +0 pair of gloves
SInv    .            (no boots)
Will    .....        (no amulet) Stlth
                     p - +4 ring of protection
HPRegen 0.31/turn    (no ring)
MPRegen 0.10/turn

%: no passive effects
@: no status effects
A: horns 2, retaliatory headbutt
a: no special abilities


You were on level 5 of the Dungeon.
You visited 1 branch of the dungeon, and saw 5 of its levels.

You collected 226 gold pieces.

Inventory:

Hand Weapons
 a - a +0 long sword (weapon)
Armour
 b - a +0 scale mail
 c - a +4 scale mail (worn)
 d - a +0 kite shield (worn)
 i - a +0 plate armour
 o - a +0 pair of gloves (worn)
Jewellery
 p - a +4 ring of protection (left hand)
Wands
 n - a wand of flame (5)
Scrolls
 f - a scroll of identify
 h - a scroll of brand weapon
 j - 2 scrolls of vulnerability {unknown}
 m - 2 scrolls of fog {unknown}
 q - a scroll of fear {unknown}
 s - a scroll of teleportation {unknown}
 t - a scroll of poison {unknown}
 u - a scroll of immolation {unknown}
Potions
 e - 3 potions of might
 g - a potion of magic
 k - 3 potions of haste
 l - a potion of ambrosia
 r - a potion of attraction


   Skills:
 + Level 5.7 Fighting
 + Level 7.5 Long Blades
 + Level 7.1 Armour
 + Level 2.1 Dodging
 + Level 1.1 Stealth
 + Level 6.6 Shields


You had 7 spell levels left.
You didn't know any spells.
Your spell library contained the following spells:

 Spells                   Type           Power      Damage    Failure   Level
 Magic Dart               Conj           0%         1d3       95%         1
 Searing Ray              Conj           0%         2d4       99%         2
 Fulminant Prism          Conj/Alch      0%         3d5       100%        4


Dungeon Overview and Level Annotations

Branches:
Dungeon (5/15)
 Temple: D:4-7

Altars:

Shops:
D:2 [   D:5 =


Innate Abilities, Weirdness & Mutations

You have a pair of horns on your head.
You reflexively headbutt those who attack you in melee.


Message History

The killer bee is heavily wounded.
The killer bee stings you.
You are poisoned.
The killer bee poisons you! You block the killer bee's attack.
The killer bee closely misses you. You furiously retaliate!
You headbutt the killer bee, but do no damage.
You closely miss the killer bee. Your headbutt misses the killer bee.
The killer bee is heavily wounded.
You feel very sick. The killer bee barely misses you.
You block the killer bee's attack.
You slash the killer bee!
You kill the killer bee!
You feel sick.
The killer bee stings you but does no damage.
Your Armour skill increases to level 7!
You slash the killer bee! You headbutt the killer bee.
The killer bee is severely wounded.
You feel sick.
The killer bee stings you but does no damage. x2
You slash the killer bee!
You kill the killer bee!
You feel sick. The killer bee stings you!
* * * LOW HITPOINT WARNING * * *
Unknown command.
You hit the killer bee. Your headbutt misses the killer bee.
The killer bee is almost dead.
You feel sick. The killer bee closely misses you. The killer bee misses you.
You furiously retaliate!
You headbutt the killer bee.
You kill the killer bee!
Unknown command.
You hit the iguana but do no damage.
You headbutt the iguana, but do no damage.
You feel sick. The iguana bites you!
* * * LOW HITPOINT WARNING * * *
You slash the iguana!
The iguana is heavily wounded.
You feel sick.
You are no longer poisoned.
The iguana bites you!
You die...

#....#########......#
#..#........#
......###
#..#.....##.#
.........
#.........#.###.....#
#.##................#
#.##......#.###.#####
#.##........# #.#
#....##.##### #.#
######### #@#
#l#####.. #.......#
#.'++.##.# ...+∩ #
..... ++ .......
....... .......


You could see an iguana.

Vanquished Creatures
  Eustachio (D:4)
  Edmund (D:4)
  An orc warrior (D:4)
  A black bear (D:4)
  A sky beast (D:5)
  An ogre (D:5)
  6 killer bees (D:5)
  A howler monkey (D:5)
  2 hounds
  A bombardier beetle (D:5)
  An orc priest (D:4)
  A jelly (D:5)
  4 iguanas
  Terence (D:2)
  Robin (D:4)
  3 gnolls (D:3)
  3 adders
  A white imp (D:5)
  5 dart slugs
  2 ribbon worms
  2 orcs
  6 endoplasms
  2 giant cockroaches
  18 goblins
  10 hobgoblins
  14 jackals
  3 kobolds
  A quokka (D:3)
  6 ball pythons
  3 bats
  4 frilled lizards
  7 rats
114 creatures vanquished.

Notes
Turn   | Place    | Note
-------+----------+-------------------------------------------
     0 | D:1      | Peloso the Minotaur Fighter began the quest for the Orb.
     0 | D:1      | Reached XP level 1. HP: 19/19 MP: 0/0
    77 | D:1      | Found a faded altar of an unknown god.
   131 | D:1      | Reached XP level 2. HP: 27/27 MP: 1/1
   665 | D:2      | Found Hucwyiboth's Antique Armour Shoppe.
   838 | D:2      | Reached XP level 3. HP: 32/33 MP: 2/2
  1008 | D:2      | Noticed Terence
  1018 | D:2      | Killed Terence
  1351 | D:2      | Reached XP level 4. HP: 28/38 MP: 3/3
  1759 | D:3      | Reached skill level 1 in Dodging
  2389 | D:4      | Reached XP level 5. HP: 42/47 MP: 4/4
  2649 | D:4      | Noticed Edmund
  2687 | D:4      | Killed Edmund
  2688 | D:4      | Reached skill level 5 in Fighting
  2688 | D:4      | Reached skill level 5 in Armour
  2688 | D:4      | Reached XP level 6. HP: 15/56 MP: 5/5
  2985 | D:4      | Noticed Eustachio
  3000 | D:4      | Killed Eustachio
  3001 | D:4      | Reached skill level 5 in Long Blades
  3001 | D:4      | Reached skill level 5 in Shields
  3167 | D:4      | Noticed an orc warrior
  3185 | D:4      | Killed an orc warrior
  3186 | D:4      | Reached XP level 7. HP: 33/61 MP: 6/6
  3533 | D:4      | Noticed Robin
  3568 | D:4      | Killed Robin
  3869 | D:5      | Entered Level 5 of the Dungeon
  4169 | D:5      | Reached skill level 1 in Stealth
  4176 | D:5      | Reached XP level 8. HP: 34/69 MP: 7/7
  4610 | D:5      | Found Qaosch's Jewellery Shop.
  4644 | D:5      | Slain by an iguana

Illustrated notes

Levels and vault maps discovered:
D:1:      spicycebolla_arrival_transporter_tutorial, layout_basic,
          shapermc_ecumenical_altar_acropolis, minmay_hedge_maze
D:2:      minmay_recursive_quarters, layout_loops_corners, serial_shops, shop,
          uniq_terence
D:3:      layout_loops_cross
D:4:      kennysheep_goblin_castle, layout_cave_pods, nicolae_nh_ransacked_shop,
          uniq_eustachio, uniq_edmund, uniq_sigmund
D:5:      layout_loops_corners, mainiacjoe_overflow_catwalk, serial_shops,
          nicolae_shop_tiny_real_fake_doors

Skill      XL: |  1  2  3  4  5  6  7  8 |
---------------+-------------------------+-----
Shields        | 4 5 6 |  6.6
Armour         | 4 5 6 7 |  7.1
Fighting       | 4 5 |  5.7
Long Blades    | 3 4 5 6 7 |  7.5
Dodging        | 1 2 |  2.1
Stealth        | 1 |  1.1

Action                     |  1- 3 |  4- 6 |  7- 9 || total
---------------------------+-------+-------+-------++-------
  Melee: Long sword        |    65 |   160 |   167 ||   392
         Headbutt          |    10 |    24 |    36 ||    70
    Use: Potion            |     3 |     3 |       ||     6
         Scroll            |     1 |     2 |     1 ||     4
 Armour: Scale mail        |     8 |       |    33 ||    41
         Chain mail        |    39 |    90 |     1 ||   130
         Skin              |       |    20 |       ||    20
         Plate armour      |       |       |   150 ||   150
  Dodge: Dodged            |    19 |    33 |    55 ||   107
  Block: Buckler           |    11 |     8 |       ||    19
         Kite shield       |       |    59 |   127 ||   186
